[Event "Oslo Chess Festival 2017"]
[Site "Oslo"]
[Date "2017.10.03"]
[Round "6"]
[White "Pigott, John C"]
[Black "Li, Xueyi"]
[Result "1-0"]
[ECO "B12"]
[WhiteElo "2408"]
[BlackElo "2157"]
[Annotator "NA"]
[PlyCount "61"]
[EventDate "2017.??.??"]
[EventType "swiss"]
[EventCountry "NOR"]
[SourceTitle "playchess.com"]
[Source "ChessBase"]
[SourceQuality "1"]
[TimeControl "5400+30"]

1. e4 c6 2. d4 d5 3. e5 Bf5 4. h4 h5 5. Bd3 Bxd3 6. Qxd3 e6 7. Bg5 Be7 8. Nf3 Nd7 9. Nc3 Qa5 10. O-O O-O-O $16 11. a4 Bxg5 12. Nxg5 Nh6 13. Rfb1 Qb4 14. a5 Qe7 15. Re1 Ng4 16. Na4 Rdf8 17. c4 f6 18. exf6 Qxf6 19. Rf1 Qf4 20. g3 Qd6 21. c5 Qe7 22. a6 e5 23. axb7+ Kxb7 24. Nb6 Nb8 25. Qb3 axb6 26. Qxb6+ Kc8 27. Ra7 Qxa7 28. Qxa7 Rf6 29. dxe5 Nxe5 30. Re1 Ned7 31. Ne6 1-0

[Event "Oslo Chess Festival 2017"]
[Site "Oslo"]
[Date "2017.10.03"]
[Round "6"]
[White "Vogt, Lothar"]
[Black "Bentsen, Hakon"]
[Result "1/2-1/2"]
[ECO "C98"]
[WhiteElo "2401"]
[BlackElo "2071"]
[Annotator "NA"]
[PlyCount "73"]
[EventDate "2017.??.??"]
[EventType "swiss"]
[EventCountry "NOR"]
[SourceTitle "playchess.com"]
[Source "ChessBase"]
[SourceQuality "1"]
[TimeControl "5400+30"]

1. e4 e5 2. Nf3 Nc6 3. Bb5 a6 4. Ba4 Nf6 5. O-O Be7 6. Re1 b5 7. Bb3 d6 8. c3 O-O 9. h3 Na5 10. Bc2 c5 11. d4 Qc7 12. Nbd2 Nc6 13. d5 Nd8 14. a4 Ra7 {[%emt 0:02:54] C98: Closed Ruy Lopez: Chigorin Defence: 11 d4 Qc7 12 Nbd2 Nc6} (14... Rb8 15. b4 Bd7 16. bxc5 Qxc5 17. axb5 axb5 18. Ba3 Qxc3 19. Re3 Qc7 20. Bb4 Be8 21. Rc3 Qd7 22. Nb3 Nb7 23. Bd3 {½-½ (79) Zhigalko,A (2591)-Filippov,A (2582) Baku 2016}) 15. b4 $146 ({Predecessor:} 15. Nf1 Nd7 16. Be3 Nb6 17. b3 bxa4 18. bxa4 Nc4 19. Bc1 Na5 20. Qe2 Bd7 21. Rb1 f6 22. Ne3 {1-0 (47) Malakhov,I (2442)-Manin,V (2181) St Petersburg 2012}) 15... cxb4 16. cxb4 a5 17. axb5 axb4 18. Rxa7 Qxa7 19. Nb3 Bd7 20. Be3 Qb8 21. b6 Nb7 {[%emt 0:00:49] [#]} 22. Qa1 $18 Rc8 23. Qa7 Nc5 24. Qxb8 Rxb8 25. Nxc5 dxc5 26. Nxe5 Rxb6 27. Nc4 Ra6 28. f3 Bb5 29. Bb3 Nd7 30. e5 Ba4 31. Bxa4 Rxa4 32. Rc1 b3 33. d6 Bf8 34. Nb2 Ra2 35. Rb1 Nxe5 36. Bxc5 Ra6 37. f4 1/2-1/2

[Event "Oslo Chess Festival 2017"]
[Site "Oslo"]
[Date "2017.10.03"]
[Round "6"]
[White "Ernst, Thomas"]
[Black "Kyrkjebo, Erlend"]
[Result "1/2-1/2"]
[ECO "B76"]
[WhiteElo "2371"]
[BlackElo "2122"]
[Annotator "NA"]
[PlyCount "98"]
[EventDate "2017.??.??"]
[EventType "swiss"]
[EventCountry "NOR"]
[SourceTitle "playchess.com"]
[Source "ChessBase"]
[SourceQuality "1"]
[TimeControl "5400+30"]

1. e4 c5 2. Nf3 d6 3. d4 cxd4 4. Nxd4 Nf6 5. Nc3 g6 6. Be3 Bg7 7. f3 O-O 8. Qd2 Nc6 9. g4 Nxd4 10. Bxd4 Be6 11. Nd5 Bxd5 12. exd5 e5 13. dxe6 fxe6 14. O-O-O Rc8 15. Kb1 Qc7 16. g5 Nd5 17. Bh3 $11 Nf4 18. Bxg7 Qxg7 19. Bg4 d5 20. Rhe1 Rce8 21. Qd4 Qxd4 22. Rxd4 e5 23. Ra4 a6 24. Rb4 Re7 25. Kc1 Ng2 26. Re2 Nh4 27. Re3 Ng2 28. Reb3 e4 29. fxe4 dxe4 30. Rxb7 Rf1+ 31. Kd2 e3+ 32. Kc3 Re8 33. Rb8 Rff8 34. Rxe8 Rxe8 35. Rb6 e2 36. Bxe2 Rxe2 37. Rxa6 Ne1 38. a4 Rxc2+ 39. Kb3 Rxh2 40. Rd6 Rh3+ 41. Kc4 Rh4+ 42. Rd4 Rh2 43. b4 Nf3 44. Rf4 Nxg5 45. a5 Ra2 46. Kb3 Ra1 47. Kb2 Ra4 48. Kb3 Ra1 49. Kb2 Ra4 1/2-1/2

[Event "Oslo Chess Festival 2017"]
[Site "Oslo"]
[Date "2017.10.03"]
[Round "6"]
[White "Myhrvold, Rune"]
[Black "Haug, Johannes"]
[Result "1/2-1/2"]
[ECO "B12"]
[WhiteElo "2243"]
[BlackElo "2379"]
[Annotator "NA"]
[PlyCount "57"]
[EventDate "2017.??.??"]
[EventType "swiss"]
[EventCountry "NOR"]
[SourceTitle "playchess.com"]
[Source "ChessBase"]
[SourceQuality "1"]
[TimeControl "5400+30"]

1. e4 c6 2. d4 d5 3. e5 c5 4. c3 Nc6 5. Be2 cxd4 6. cxd4 Bf5 7. Nf3 e6 8. O-O Nge7 9. a3 Nc8 10. Nc3 Be7 11. Be3 Nb6 12. Nd2 O-O 13. Nf3 Rc8 14. Nb1 a6 15. Nbd2 Na5 16. h3 Nbc4 17. Nxc4 dxc4 18. Nd2 b5 19. Rc1 Qd7 20. Bf3 Bd3 21. Be4 Bxf1 22. Kxf1 g6 23. Qg4 Nb3 24. Nxb3 cxb3 25. Rd1 Rc7 26. Rd3 b4 27. axb4 Rb8 28. h4 h5 29. Qf4 1/2-1/2

[Event "Oslo Chess Festival 2017"]
[Site "Oslo"]
[Date "2017.10.03"]
[Round "6"]
[White "Nordquelle, Daniel"]
[Black "Devereaux, Maxim L"]
[Result "0-1"]
[ECO "C17"]
[WhiteElo "2203"]
[BlackElo "2357"]
[Annotator "NA"]
[PlyCount "58"]
[EventDate "2017.??.??"]
[EventType "swiss"]
[EventCountry "NOR"]
[SourceTitle "playchess.com"]
[Source "ChessBase"]
[SourceQuality "1"]
[TimeControl "5400+30"]

1. e4 e6 2. d4 d5 3. Nc3 Bb4 4. e5 c5 5. Qg4 Ne7 6. dxc5 Nbc6 7. Bd2 O-O 8. O-O-O f5 9. exf6 Rxf6 10. Bd3 Bxc3 11. Bxc3 e5 12. Qh5 Bf5 13. Bxf5 Rxf5 14. Qg4 d4 15. Bd2 {[%emt 0:03:19] [#]} Qd5 $17 ({Resist} 15... Rxf2 16. Nh3 $15) 16. Kb1 b6 17. Nf3 bxc5 18. Rhe1 Rb8 19. Qe4 c4 20. Bc1 Qa5 21. Qe2 d3 22. Qe4 Rb4 23. c3 Ra4 24. a3 Qb5 25. Ka1 Ra5 26. b4 Rf4 27. Bxf4 Rxa3+ 28. Kb2 Rb3+ 29. Kc1 Rxc3+ 0-1

[Event "Oslo Chess Festival 2017"]
[Site "Oslo"]
[Date "2017.10.03"]
[Round "6"]
[White "Nielsen, Andre"]
[Black "Taksrud, Vidar"]
[Result "1-0"]
[ECO "B01"]
[WhiteElo "2162"]
[BlackElo "1983"]
[Annotator "NA"]
[PlyCount "81"]
[EventDate "2017.??.??"]
[EventType "swiss"]
[EventCountry "NOR"]
[SourceTitle "playchess.com"]
[Source "ChessBase"]
[SourceQuality "1"]
[TimeControl "5400+30"]

1. e4 d5 2. exd5 Nf6 3. d4 Nxd5 4. Nf3 e6 5. c4 Bb4+ 6. Bd2 Bxd2+ 7. Qxd2 Nf6 8. Nc3 O-O 9. O-O-O Na6 10. Bd3 Nb4 11. Bb1 c5 12. d5 exd5 13. cxd5 c4 14. Ne5 $14 b5 15. Rhe1 Bd7 16. Qd4 a5 17. g4 a4 18. g5 Nh5 19. Qh4 g6 20. Nxd7 Qxd7 21. Ne4 Nd3+ 22. Bxd3 cxd3 23. Rxd3 Rac8+ 24. Kb1 Rc4 25. Qxh5 Rxe4 26. Qd1 Rxe1 27. Qxe1 Qf5 28. Qd2 Rd8 29. Ka1 Rd6 30. a3 Qe5 31. f4 Qe4 32. Rd4 Qh1+ 33. Ka2 Qf3 34. Qc3 Qf2 35. Re4 Rd8 36. d6 Qb6 37. d7 f5 38. Re8+ Kf7 39. Rxd8 Qxd8 40. Qf6+ Qxf6 41. gxf6 1-0

[Event "Oslo Chess Festival 2017"]
[Site "Oslo"]
[Date "2017.10.03"]
[Round "6"]
[White "Zhao, Shengxin"]
[Black "Mikelsen, Mattis"]
[Result "1-0"]
[ECO "E05"]
[WhiteElo "2113"]
[BlackElo "1754"]
[Annotator "NA"]
[PlyCount "47"]
[EventDate "2017.??.??"]
[EventType "swiss"]
[EventCountry "NOR"]
[SourceTitle "playchess.com"]
[Source "ChessBase"]
[SourceQuality "1"]
[TimeControl "5400+30"]

1. d4 Nf6 2. c4 e6 3. g3 d5 4. Bg2 Be7 5. Nf3 O-O 6. O-O dxc4 7. Qc2 a6 8. a4 Bd7 9. Rd1 Bc6 10. Nc3 Bxf3 11. Bxf3 Nc6 12. Bxc6 bxc6 13. a5 Rb8 14. Qa4 Rb4 15. Qxc6 Qd6 16. Qf3 Rd8 17. Bf4 Qd7 18. Rd2 Rdb8 19. Ra2 h6 20. e4 Qc6 21. d5 exd5 22. e5 Nd7 23. Qxd5 Qxd5 24. Nxd5 1-0

[Event "Oslo Chess Festival 2017"]
[Site "Oslo"]
[Date "2017.10.03"]
[Round "6"]
[White "Federovski, Adi"]
[Black "Grindbakken, Erik"]
[Result "1-0"]
[ECO "C90"]
[WhiteElo "2030"]
[BlackElo "1675"]
[Annotator "NA"]
[PlyCount "103"]
[EventDate "2017.??.??"]
[EventType "swiss"]
[EventCountry "NOR"]
[SourceTitle "playchess.com"]
[Source "ChessBase"]
[SourceQuality "1"]
[TimeControl "5400+30"]

1. e4 e5 2. Nf3 Nc6 3. Bb5 a6 4. Ba4 Nf6 5. d3 b5 6. Bb3 Be7 7. O-O d6 8. c3 O-O 9. Nbd2 Na5 10. Bc2 c5 11. Re1 Nc6 12. Nf1 Qc7 13. Ne3 h6 {[%emt 0:00:54] C90: Closed Ruy Lopez with 7...d6: Early deviations} (13... Be6 14. Ng5 h6 15. Nxe6 fxe6 16. Qf3 Rae8 17. Qh3 Bd8 18. Bd2 Qf7 19. Rf1 Qh5 20. Qxh5 Nxh5 21. a4 Bb6 22. axb5 axb5 {1-0 (33) Fedorchuk,S (2656)-Olafsson,T (2266) Reykjavik 2013}) 14. Nd5 Qd8 15. h3 Be6 16. Nxe7+ Qxe7 17. Be3 $146 ({Predecessor:} 17. d4 Bc8 18. dxc5 dxc5 19. Nh4 Qc7 20. Qf3 Nh7 21. Nf5 {1-0 (60) Delai,P (2042)-De Oliveira,G Curitiba 2011}) 17... Rfd8 18. d4 cxd4 19. cxd4 exd4 20. Nxd4 Nxd4 21. Bxd4 Rac8 22. Bb1 Nd7 23. f4 f6 24. Qf3 $14 Rc4 25. Bf2 Rdc8 26. Bd3 R4c6 27. Bh4 Qf7 28. a4 bxa4 29. Bf2 Bb3 30. Qg3 Qe8 31. Kh1 Qf7 32. Bd4 Nc5 33. Bb1 Ne6 34. Bc3 Nc7 35. e5 dxe5 36. Qd3 Nb5 37. Qh7+ Kf8 38. Bb4+ Nd6 39. fxe5 fxe5 40. Bd3 Ke7 41. Rxe5+ Kd7 42. Rf1 Rc1 43. Be1 Qg8 44. Bf5+ Kc7 45. Re7+ Kb8 46. Qg6 R8c6 47. Rxg7 Qc4 48. Bd3 Qc5 49. Kh2 Nc8 50. Bg3+ Ka8 51. Rxc1 Qxc1 52. Be4 1-0

[Event "Oslo Chess Festival 2017"]
[Site "Oslo"]
[Date "2017.10.03"]
[Round "6"]
[White "Bruaset, Eivind"]
[Black "Dolzhykova, Kateryna"]
[Result "1-0"]
[ECO "B76"]
[WhiteElo "2012"]
[BlackElo "2270"]
[Annotator "NA"]
[PlyCount "63"]
[EventDate "2017.??.??"]
[EventType "swiss"]
[EventCountry "NOR"]
[SourceTitle "playchess.com"]
[Source "ChessBase"]
[SourceQuality "1"]
[TimeControl "5400+30"]

1. e4 c5 2. Nf3 d6 3. d4 cxd4 4. Nxd4 Nf6 5. Nc3 g6 6. Be3 Bg7 7. f3 O-O 8. Qd2 Nc6 9. O-O-O d5 10. Qe1 e5 11. Nxc6 bxc6 12. exd5 Nxd5 13. Bc4 Be6 14. Ne4 Qc7 15. Bc5 Rfd8 16. g4 h6 {[%emt 0:00:18] B76: Sizilianisch (Moderne Drachen-Variante)} (16... Nf4 17. Qc3 Rd4 18. Bxd4 exd4 19. Qb4 d3 20. Bxe6 Ne2+ 21. Kb1 Rb8 22. Bxf7+ Kh8 23. Qxb8+ Qxb8 24. c3 Nxc3+ 25. Nxc3 Bxc3 {1-0 (41) Svidler,P (2738)-Radjabov,T (2744) Sochi 2008}) 17. h4 f5 18. gxf5 gxf5 19. Ng3 {[%emt 0:00:03] [#]} e4 $146 ({Vorgänger:} 19... Kh7 20. Rg1 Qf7 21. Bb3 a5 22. c3 Nf4 23. Bc2 Rxd1+ 24. Qxd1 {½-½ (39) Repp,H (2492)-Kiss,A (2514) ICCF email 2009}) 20. Nh5 Bh8 $2 (20... Nf4 21. Bxe6+ Nxe6) 21. fxe4 $18 Qe5 22. Qg1+ Kf7 23. Bd4 Qxe4 24. Bxd5 Rxd5 25. Bxh8 Rxd1+ 26. Kxd1 Qf3+ 27. Kc1 Rg8 28. Qh2 Rxh8 29. Qc7+ Kg6 30. Nf4+ Kf6 31. Re1 Re8 32. Qe5+ {[%emt 0:00:16] Bc8 [%emt 00:02:20]} 1-0

[Event "Oslo Chess Festival 2017"]
[Site "Oslo"]
[Date "2017.10.03"]
[Round "6"]
[White "Lindbol, Aleksander"]
[Black "Al-Tarbosh, Ward"]
[Result "0-1"]
[ECO "A37"]
[WhiteElo "2006"]
[BlackElo "2270"]
[Annotator "NA"]
[PlyCount "66"]
[EventDate "2017.??.??"]
[EventType "swiss"]
[EventCountry "NOR"]
[SourceTitle "playchess.com"]
[Source "ChessBase"]
[SourceQuality "1"]
[TimeControl "5400+30"]

1. c4 c5 2. Nc3 Nc6 3. g3 g6 4. Bg2 Bg7 5. d3 e6 6. Nf3 Nge7 7. O-O O-O 8. Rb1 d5 9. cxd5 exd5 10. Bf4 Qa5 11. Nd2 Qd8 12. a3 Be6 $11 13. Re1 Rc8 14. Nf3 a6 15. Ng5 Bg4 16. f3 Bd7 17. e4 d4 18. Nd5 h6 19. Nh3 Nxd5 20. exd5 Ne7 21. Qd2 Nxd5 22. Bxh6 Ne3 23. Bg5 Bf6 24. Bh6 Re8 25. Nf2 Bg7 26. Bxg7 Kxg7 27. Ne4 Qe7 28. Rbc1 f5 29. Nf2 Qd6 30. Re2 Bc6 31. Rce1 f4 32. gxf4 Qxf4 33. Nd1 Nxg2 0-1

[Event "Oslo Chess Festival 2017"]
[Site "Oslo"]
[Date "2017.10.03"]
[Round "6"]
[White "Vitenberg, Noam Aviv"]
[Black "Ronneland, Daniel"]
[Result "1-0"]
[ECO "E94"]
[WhiteElo "1989"]
[BlackElo "2218"]
[Annotator "NA"]
[PlyCount "89"]
[EventDate "2017.??.??"]
[EventType "swiss"]
[EventCountry "NOR"]
[SourceTitle "playchess.com"]
[Source "ChessBase"]
[SourceQuality "1"]
[TimeControl "5400+30"]

1. d4 Nf6 2. c4 g6 3. Nc3 Bg7 4. e4 d6 5. Nf3 O-O 6. Be2 Nbd7 7. Be3 e5 8. O-O c6 9. Qc2 Qe7 10. Rfe1 Re8 11. d5 c5 12. Nd2 Rf8 13. a3 Ne8 14. Bd3 Ndf6 $16 15. Bg5 h6 16. Bh4 g5 17. Bg3 h5 18. f3 Bh6 19. b4 b6 20. Rab1 Nh7 21. Rb2 g4 22. fxg4 Bxg4 23. Nd1 Kh8 24. Ne3 Bxe3+ 25. Rxe3 Rg8 26. Kh1 Qg5 27. Nf1 h4 28. Be1 Rg6 29. h3 Bd7 30. Rf3 cxb4 31. axb4 a5 32. Qf2 Nef6 33. bxa5 bxa5 34. Qxh4 Qc1 35. Rb1 Qa3 36. Qf2 Kg7 37. Bd2 Rg8 38. Bc1 Qa4 39. Ne3 Kh8 40. Bc2 Qa2 41. g4 Ng5 42. Rxf6 Nxh3 43. Qh4+ Kg7 44. Rxg6+ fxg6 45. Rb7 1-0

[Event "Oslo Chess Festival 2017"]
[Site "Oslo"]
[Date "2017.10.03"]
[Round "6"]
[White "Khoo-Thwe, Louis"]
[Black "Rishovd, Svein"]
[Result "0-1"]
[ECO "C17"]
[WhiteElo "1653"]
[BlackElo "2109"]
[Annotator "ChessBase"]
[PlyCount "130"]
[EventDate "2017.??.??"]
[EventType "swiss"]
[EventCountry "NOR"]
[SourceTitle "playchess.com"]
[Source "ChessBase"]
[SourceQuality "1"]
[TimeControl "5400+30"]

1. e4 e6 2. d4 d5 3. Nc3 Bb4 4. e5 c5 5. f4 Ne7 6. a3 Ba5 7. dxc5 Bxc3+ 8. bxc3 Nd7 9. Bb5 Qa5 10. a4 Qxc3+ 11. Bd2 Qxc5 12. Rb1 Nc6 13. Ne2 a5 14. c4 O-O 15. Qc1 d4 16. Ng3 Ncxe5 17. fxe5 Qxe5+ 18. Kd1 Nf6 19. Bf4 Qc5 20. Re1 Ng4 21. h3 e5 22. Ne4 Qc7 23. Bd2 f5 24. Ng5 Nf2+ 25. Ke2 Ne4 26. Nxe4 fxe4 27. c5 e3 28. Qc4+ Kh8 29. Bc1 Bf5 30. Rb2 Rac8 31. Rf1 Qxc5 32. Qxc5 Rxc5 33. g4 Bxg4+ 34. hxg4 Rxf1 35. Kxf1 Rxc1+ 36. Ke2 e4 37. Ba6 Rh1 38. Rxb7 Rh2+ 39. Kf1 h5 40. g5 Kh7 41. Re7 Ra2 42. Rxe4 Rxa4 43. Bd3 Ra1+ 44. Kg2 Kg6 45. Re5+ Kf7 46. g6+ Kf6 47. Rf5+ Ke6 48. Rxh5 Rd1 49. Be2 Rd2 50. Kf1 d3 51. Bg4+ Kf6 52. Rxa5 Kxg6 53. Re5 e2+ 54. Bxe2 dxe2+ 55. Rxe2 Rxe2 56. Kxe2 Kg5 57. Kf1 Kh4 58. Kf2 Kh3 59. Kg1 Kg3 60. Kf1 g5 61. Ke2 g4 62. Kf1 Kh2 63. Ke2 g3 64. Kd3 g2 65. Ke4 g1=Q 0-1